[Event "36th National Sub Junior 2019"]
[Site "Tiruchengode"]
[Date "2019.07.15"]
[Round "9.5"]
[White "Nayanikaa Muralidharan"]
[Black "Varsha Ramesh"]
[Result "1-0"]
[ECO "E58"]
[WhiteElo "1475"]
[BlackElo "1814"]
[Annotator "NA RC"]
[PlyCount "97"]
[EventDate "2019.07.09"]
[EventCountry "IND"]
[SourceTitle "playchess.com"]
[Source "ChessBase"]
[SourceQuality "1"]
[TimeControl "5400+30"]

1. d4 Nf6 2. c4 e6 3. Nc3 Bb4 4. e3 O-O 5. Bd3 d5 6. Nf3 c5 7. O-O Nc6 8. a3 Bxc3 9. bxc3 Qe7 10. a4 Rd8 11. Ba3 dxc4 (11... b6 $11 {remains equal.}) 12. Bxc4 (12. Bxc5 $14 Qc7 13. Bxc4 $14 b6 14. Ba3) 12... Qc7 (12... b6 $11) 13. Qe2 Na5 14. Ba2 b6 15. Ne5 Bb7 16. Rac1 $11 Nc6 17. f4 Ne7 18. Bb1 Be4 19. Bxe4 Nxe4 20. g4 Nc6 21. Qg2 f5 22. gxf5 exf5 23. Qa2+ Kf8 24. Qe6 Nxe5 25. Qxf5+ Qf7 26. fxe5 Qxf5 27. Rxf5+ Ke7 28. c4 Rf8 29. Rcf1 Nd2 30. Rxf8 Rxf8 31. Rxf8 Kxf8 32. dxc5 bxc5 33. Bxc5+ Ke8 34. Bxa7 Nxc4 35. Bd4 Kd7 36. Kf2 Kc6 37. Ke2 g5 38. Kd3 Na5 39. Ke4 h5 40. Kf5 g4 41. Kg5 Nc4 42. Kxh5 Kd5 43. Kxg4 Nd2 44. h4 Ne4 45. h5 Nf2+ 46. Kg5 Ne4+ 47. Kg6 Ng3 48. h6 Nf5 49. Kxf5 1-0

[Event "36th National Sub Junior 2019"]
[Site "Tiruchengode"]
[Date "2019.07.16"]
[Round "10.2"]
[White "Mrudul Dehankar"]
[Black "Bristy Mukherjee"]
[Result "1/2-1/2"]
[ECO "B09"]
[WhiteElo "2074"]
[BlackElo "1862"]
[Annotator "NA RC"]
[PlyCount "130"]
[EventDate "2019.07.09"]
[EventCountry "IND"]
[SourceTitle "playchess.com"]
[Source "ChessBase"]
[SourceQuality "1"]
[TimeControl "5400+30"]

1. e4 d6 2. d4 Nf6 3. Nc3 g6 4. f4 Bg7 5. Nf3 O-O 6. Bd3 Na6 7. O-O c5 8. d5 Bg4 9. Be3 Nc7 10. a4 e6 11. dxe6 fxe6 12. h3 Bxf3 13. Qxf3 b6 14. Bc4 Kh8 15. Rad1 Qe7 16. Nb5 Nxb5 17. axb5 Rad8 18. Rfe1 Nh5 19. Qg4 Bxb2 20. f5 exf5 21. exf5 Qg7 22. Bd3 Rg8 23. fxg6 hxg6 24. Bg5 Rde8 25. Bc4 Rgf8 26. Kh1 Rxe1+ 27. Rxe1 Be5 28. Bd3 Ng3+ 29. Kg1 Bd4+ 30. Kh2 Nf5 31. Bf4 Be5 32. Bxe5 dxe5 33. Bxf5 Rxf5 34. Rd1 Rf8 35. Rd6 Rg8 36. Qh4+ Qh7 37. Qf6+ Qg7 38. Qe6 Rf8 39. Rd7 Qf6 40. Qxf6+ Rxf6 41. Kg3 Rf4 42. Rxa7 Rb4 43. Rb7 Rxb5 44. Kg4 Rb2 45. Kg5 Rxc2 46. g4 Rd2 47. Rxb6 Rd8 48. Kxg6 Rc8 49. Kf5 c4 50. Rb2 c3 51. Rc2 Rc5 52. Ke4 Kg7 53. Kd3 Rd5+ 54. Kxc3 Kg6 55. Rd2 Ra5 56. Kc4 Kg5 57. Rf2 Ra3 58. Rf5+ Kg6 59. Kd5 Rxh3 60. Kxe5 Rb3 61. Kf4 Rb1 62. Ra5 Rf1+ 63. Kg3 Rg1+ 64. Kf3 Rf1+ 65. Kg2 Rb1 1/2-1/2

[Event "36th National Sub Junior 2019"]
[Site "Tiruchengode"]
[Date "2019.07.16"]
[Round "10.3"]
[White "Jyothsna L"]
[Black "Bhagyashree Patil"]
[Result "1-0"]
[ECO "D18"]
[WhiteElo "1939"]
[BlackElo "1703"]
[Annotator "NA RC"]
[PlyCount "71"]
[EventDate "2019.07.09"]
[EventCountry "IND"]
[SourceTitle "playchess.com"]
[Source "ChessBase"]
[SourceQuality "1"]
[TimeControl "5400+30"]

1. d4 d5 2. c4 c6 3. Nc3 Nf6 4. Nf3 dxc4 5. a4 Bf5 6. e3 e6 7. Bxc4 Bb4 8. O-O Nbd7 9. Bd2 Bg6 10. Be2 Nd5 11. Qb3 O-O 12. Nxd5 Bxd2 13. Nf4 Ba5 14. Nxg6 hxg6 15. Qxb7 Rb8 16. Qxa7 Rxb2 17. Bd3 Rb3 18. Be4 Nb8 19. Rab1 Rb4 20. Rxb4 Bxb4 21. Rb1 Qd6 22. Qb6 Bc3 23. Rb3 f5 24. Bd3 Nd7 25. Qa6 Bb4 26. Qc4 c5 27. Ng5 Re8 28. Qa6 Qxa6 29. Bxa6 Nf8 30. Bc4 Kh8 31. d5 Nh7 32. Nf7+ Kg8 33. dxe6 Kf8 34. Ne5 Ke7 35. Nxg6+ Kf6 36. Nf4 1-0

[Event "36th National Sub Junior 2019"]
[Site "Tiruchengode"]
[Date "2019.07.16"]
[Round "10.5"]
[White "Tarunika P"]
[Black "Poorna Sri M.K"]
[Result "1/2-1/2"]
[ECO "C49"]
[WhiteElo "1561"]
[BlackElo "1681"]
[Annotator "NA RC"]
[PlyCount "79"]
[EventDate "2019.07.09"]
[EventCountry "IND"]
[SourceTitle "playchess.com"]
[Source "ChessBase"]
[SourceQuality "1"]
[TimeControl "5400+30"]

1. e4 e5 2. Nf3 Nc6 3. Nc3 Nf6 4. Bb5 Bb4 5. O-O O-O 6. d3 d6 7. Bg5 Bxc3 8. bxc3 h6 9. Bh4 a6 10. Ba4 Qe7 11. Re1 Nd8 12. d4 Ne6 13. Bb3 Nf4 14. Bg3 N6h5 15. Nh4 Qg5 16. Bc4 Bg4 17. Nf3 Qf6 18. Re3 b5 19. Bf1 c5 20. d5 g5 21. h3 Bd7 22. Nh2 Qg6 23. Be2 Nxg3 24. fxg3 Nxe2+ 25. Qxe2 f5 26. g4 fxg4 27. Nxg4 Bxg4 28. Qxg4 Rf4 29. Qd7 Raf8 30. Re2 Qf6 31. Kh2 Rf1 32. Rxf1 Qxf1 33. Qxd6 Qxe2 34. Qg6+ Kh8 35. Qxh6+ Kg8 36. Qxg5+ Kh7 37. Qe7+ Kg8 38. Qg5+ Kh7 39. Qe7+ Kg8 40. Qg5+ 1/2-1/2

[Event "36th National Sub Junior 2019"]
[Site "Tiruchengode"]
[Date "2019.07.17"]
[Round "11.2"]
[White "Bristy Mukherjee"]
[Black "Jyothsna L"]
[Result "1/2-1/2"]
[ECO "A08"]
[WhiteElo "1862"]
[BlackElo "1939"]
[Annotator "NA"]
[PlyCount "44"]
[EventDate "2019.07.09"]
[EventCountry "IND"]
[SourceTitle "playchess.com"]
[Source "ChessBase"]
[SourceQuality "1"]
[TimeControl "5400+30"]

1. e4 e6 2. d3 d5 3. Nd2 c5 4. Ngf3 Nf6 5. g3 Nc6 6. Bg2 g6 7. O-O Bg7 8. c3 O-O 9. e5 Nd7 10. d4 b5 11. Re1 b4 12. h4 bxc3 13. bxc3 Qa5 14. Re3 Ba6 15. g4 $15 ({White should try} 15. h5 $11) 15... Rfc8 16. h5 Bh6 17. g5 Bg7 18. Kh2 Qd8 19. Kg1 Qa5 20. Kh2 Qd8 21. Kg1 Qa5 22. Kh2 Qd8 1/2-1/2

[Event "36th National Sub Junior 2019"]
[Site "Tiruchengode"]
[Date "2019.07.17"]
[Round "11.3"]
[White "Divyabharathi Masanam"]
[Black "Mrudul Dehankar"]
[Result "0-1"]
[ECO "B84"]
[WhiteElo "1730"]
[BlackElo "2074"]
[Annotator "NA"]
[PlyCount "98"]
[EventDate "2019.07.09"]
[EventCountry "IND"]
[SourceTitle "playchess.com"]
[Source "ChessBase"]
[SourceQuality "1"]
[TimeControl "5400+30"]

1. e4 c5 2. Nf3 d6 3. d4 cxd4 4. Nxd4 Nf6 5. Nc3 a6 6. Be3 e6 7. a4 Qc7 8. Be2 Be7 9. O-O b6 10. f4 Bb7 11. Bf3 Nbd7 12. Qe2 O-O 13. Rfd1 {[%emt 0:03:40] B84: Sicilian Scheveningen: 6 Be2 a6, lines without early Be3} (13. Bf2 Rfe8 14. g4 Nc5 15. e5 Nd5 16. Nxd5 exd5 17. e6 Bf6 18. exf7+ Qxf7 19. Qd1 Ne4 20. g5 Bxd4 21. Bxd4 Qxf4 22. Bxe4 Qxe4 {½-½ (32) Kulaots,K (2564)-Shankland,S (2633) Las Vegas 2014}) 13... Rfd8 14. Bf2 $146 ({Predecessor:} 14. Kh1 Rac8 15. Nb3 Nc5 16. Nxc5 dxc5 17. Qf2 Rxd1+ 18. Rxd1 Nd7 19. e5 Rd8 20. Ne4 Bxe4 21. Bxe4 {1-0 (54) Ruiz Planas,A (2110)-Coppulo Cerda,A (1895) Malgrat del Mar 1997}) 14... Nc5 15. Bg3 Rac8 16. Qe3 g6 17. Kh1 Ne8 18. e5 Ng7 19. Bf2 Bxf3 20. Nxf3 d5 21. Nd4 Nd7 22. g4 Bc5 23. Qe2 Bxd4 24. Rxd4 f6 25. Bg3 fxe5 26. fxe5 Qc5 27. Bf2 Qe7 28. Bg3 Nb8 29. Rf1 Rf8 30. Rdf4 g5 31. Rf6 Nd7 32. Rxf8+ Rxf8 33. Qxa6 Qb4 34. Rxf8+ Nxf8 35. Qb5 Qxg4 36. Qe2 Qb4 37. Qb5 Qd4 38. Qe2 $17 (38. Qd3 $11 Qg4) 38... Nf5 39. Bf2 Qb4 40. Qb5 Qf4 41. Qxb6 d4 42. Nd1 Qf3+ 43. Kg1 Qxd1+ 44. Kg2 Qe2 45. Kg1 Ne3 46. Bxe3 dxe3 47. Qb5 Qf2+ 48. Kh1 e2 49. Qb4 Qf1# 0-1

[Event "36th National Sub Junior 2019"]
[Site "Tiruchengode"]
[Date "2019.07.17"]
[Round "11.4"]
[White "Rindhiya V"]
[Black "Sai Divya M"]
[Result "0-1"]
[ECO "B26"]
[WhiteElo "1573"]
[BlackElo "1784"]
[Annotator "NA"]
[PlyCount "136"]
[EventDate "2019.07.09"]
[EventCountry "IND"]
[SourceTitle "playchess.com"]
[Source "ChessBase"]
[SourceQuality "1"]
[TimeControl "5400+30"]

1. e4 c5 2. Nc3 Nc6 3. g3 g6 4. Bg2 Bg7 5. Nge2 d6 6. d3 e6 7. Be3 Nd4 8. Qd2 Ne7 9. Nd1 Qc7 10. c3 Ndc6 11. O-O O-O 12. Bh6 b6 13. Bxg7 Kxg7 14. Ne3 Bb7 15. Rae1 Rae8 16. d4 Ba6 17. d5 exd5 18. exd5 Ne5 19. c4 Kg8 20. Qc3 Bc8 21. f4 Ng4 22. Nxg4 Bxg4 23. Bf3 Bxf3 24. Rxf3 Nf5 25. Nc1 Rxe1+ 26. Qxe1 Qd7 27. Rf2 Nd4 28. Nb3 Re8 29. Qd2 Re2 30. Qd3 Re1+ 31. Rf1 Rxf1+ 32. Kxf1 Qh3+ 33. Kg1 Nf5 34. Nd2 h5 35. Ne4 Nd4 36. Nxd6 Qd7 37. Ne4 Kg7 38. b4 Qe7 39. bxc5 bxc5 40. d6 Qe6 41. Nxc5 Qxd6 42. Ne4 Qb6 43. c5 Qb4 44. a3 Qb2 45. a4 Qa1+ 46. Kf2 Qa2+ 47. Ke1 Qxa4 48. Nd2 Qa1+ 49. Kf2 Qb2 50. Ke3 Nc2+ 51. Ke2 Nd4+ 52. Ke3 Nf5+ 53. Ke2 a5 54. Qc4 Qf6 55. Ne4 Qb2+ 56. Nd2 Qb7 57. Qc3+ Kh7 58. Qxa5 Qg2+ 59. Kd3 Qd5+ 60. Kc2 Ne3+ 61. Kc1 Qh1+ 62. Kb2 Qxh2 63. Kb3 Qxg3 64. Qc3 Qxf4 65. c6 Nd5 66. Qc2 Qb4+ 67. Ka2 Nc3+ 68. Ka1 Qa3+ 0-1

[Event "36th National Sub Junior 2019"]
[Site "Tiruchengode"]
[Date "2019.07.17"]
[Round "11.5"]
[White "Poorna Sri M.K"]
[Black "Arushi Kotwal"]
[Result "1/2-1/2"]
[ECO "C13"]
[WhiteElo "1681"]
[BlackElo "1744"]
[Annotator "NA"]
[PlyCount "62"]
[EventDate "2019.07.09"]
[EventCountry "IND"]
[SourceTitle "playchess.com"]
[Source "ChessBase"]
[SourceQuality "1"]
[TimeControl "5400+30"]

1. e4 e6 2. d4 d5 3. Nc3 Nf6 4. Bg5 dxe4 5. Nxe4 Be7 6. Bxf6 gxf6 7. Nf3 a6 8. Qd2 f5 9. Nc3 b5 10. O-O-O Bb7 11. Qe3 Bd5 12. Kb1 Qd6 13. Ne5 Nd7 14. f3 c6 15. Rg1 Nxe5 16. dxe5 Qc5 17. Nxd5 cxd5 18. Qd2 Qc7 19. f4 h5 20. g3 Bc5 21. Rg2 Ke7 22. Be2 Qb6 23. Qd3 b4 24. Bf3 Rh6 25. h3 Rg8 26. Rh1 a5 27. Qe2 Rgh8 28. Rc1 Be3 29. Re1 Bc5 30. Rc1 Be3 31. Re1 Bc5 1/2-1/2